 Dungeon Crawl Stone Soup version 0.29.0-4-gdea44cf6ec (webtiles) character file.

Game seed: 5220065644556505502

59 qw the Chopper (level 4, -3/26 HPs)
             Began as a Tengu Warper on Aug 28, 2022.
             Slain by Sigmund
             ... wielding a +0 scythe
              (8 damage)
             ... on level 2 of the Dungeon.
             The game lasted 00:00:09 (1951 turns).

qw the Chopper (Tengu Warper)                       Turns: 1951, Time: 00:00:10

Health: -3/26      AC:  3    Str: 14    XL:     4   Next: 3%
Magic:  8/8        EV: 12    Int: 13    God:
Gold:   175        SH:  0    Dex: 13    Spells: 7/7 levels left

rFire   . . .      SeeInvis +   Y - +0 hand axe
rCold   . . .      Faith    .   (no shield)
rNeg    . . .      Spirit   .   b - +0 leather armour
rPois   .          Reflect  .   (helmet restricted)
rElec   .          Harm     .   (no cloak)
rCorr   .          Rampage  .   (no gloves)
Will    .....                   (boots unavailable)
Stlth   +.........              (no amulet)
HPRegen 0.08/turn               e - ring of see invisible
MPRegen 0.11/turn               (no ring)

@: about to teleport
A: beak, talons 3
a: no special abilities


You were on level 2 of the Dungeon.
You visited 1 branch of the dungeon, and saw 2 of its levels.

You collected 175 gold pieces.


Innate Abilities, Weirdness & Mutations

You have a beak for a mouth.
You have claws for feet.


   Skills:
 - Level 2.0 Fighting
 + Level 4.6 Axes
 - Level 1.0 Throwing
 - Level 1.1 Armour
 - Level 2.1 Dodging
 - Level 2.0 Spellcasting
 - Level 2.4 Translocations


You had 7 spell levels left.
You didn't know any spells.
Your spell library contained the following spells:

 Spells                   Type           Power      Damage    Failure   Level
 Blink                    Tloc           14%        N/A       19%         2
 Gell's Gravitas          Tloc           7%         N/A       34%         3
 Lesser Beckoning         Tloc           7%         N/A       34%         3
 Teleport Other           Tloc           7%         N/A       34%         3
 Manifold Assault         Tloc           7%         N/A       97%         5

Inventory:

Hand Weapons
 j - a +0 whip
 Y - a +0 hand axe (weapon)
Armour
 b - a +0 leather armour (worn)
Jewellery
 e - a ring of see invisible (left hand)
Scrolls
 d - a scroll of acquirement {unknown}
 g - a scroll of identify
 h - a scroll of butterflies {unknown}
Potions
 a - a potion of mutation {unknown}
 c - a potion of haste {unknown}
 f - a potion of resistance {unknown}

Dungeon Overview and Level Annotations

Branches:
Dungeon (2/15)

Altars:

Annotations:
D:2 Sigmund


Message History

You start resting.
HP restored.
A rat comes into view.
You hit the rat.
You kill the rat!
i - a scroll of teleportation
Found a stone staircase leading down.
Sigmund the Dreaded comes into view.
He is wielding a +0 scythe.
Sigmund shouts!
Sigmund screams, "You will never...
NEVER!!!"
Sigmund casts a spell at you. The magic dart hits you!
Sigmund hits you with a +0 scythe.
You hit Sigmund.
Sigmund is lightly wounded.
You closely miss Sigmund.
Sigmund is lightly wounded.
Sigmund hits you with a +0 scythe.
You hit Sigmund but do no damage. Your peck misses Sigmund.
Sigmund is lightly wounded.
Sigmund barely misses you.
You closely miss Sigmund. You claw Sigmund, but do no damage.
You peck Sigmund, but do no damage.
Sigmund is lightly wounded.
You closely miss Sigmund.
Sigmund is lightly wounded.
Sigmund closely misses you.
A hobgoblin comes into view.
You closely miss Sigmund.
The hobgoblin shouts!
Your kick misses Sigmund. You peck Sigmund, but do no damage.
Sigmund is lightly wounded.
Sigmund casts a spell at you. The puff of flame hits you.
1951 ||| READING scroll of teleportation.
As you read the scroll of teleportation, it crumbles to dust.
You feel strangely unstable.
Sigmund laughs darkly.
Sigmund hits you with a +0 scythe!
You die...

#.### #.#.. ..#.#
..#.# #.#.# #.#@#
#.#@#
##############.#.#.#
..................>#
.####..........#.#g#
.# #.##########.#.#
.####.# #.# #
......# #.. ..#####
... ..# ####


You could see Sigmund and a hobgoblin.

Vanquished Creatures
  A gnoll (D:1)
  A worm (D:2)
  A dart slug (D:1)
  A bat (D:2)
  4 endoplasms
  2 giant cockroaches (D:2)
  5 goblins
  2 hobgoblins
  6 jackals (D:1)
  3 quokkas
  5 ball pythons (D:1)
  A frilled lizard (D:2)
  2 kobolds
  5 rats
39 creatures vanquished.

Notes
Turn   | Place    | Note
-------+----------+-------------------------------------------
     0 | D:1      | qw the Tengu Warper began the quest for the Orb.
     0 | D:1      | Reached XP level 1. HP: 12/12 MP: 4/4
     0 | D:1      | 0 ||| qw: Version: 0.1-a-89-g26bdef1
     0 | D:1      | 0 ||| qw: Game counter: 1852
     0 | D:1      | 0 ||| qw: Always use a shield: true
     0 | D:1      | 0 ||| qw: God list: Okawaru
     0 | D:1      | 0 ||| qw: Allow faded altars: false
     0 | D:1      | 0 ||| qw: Do Orc after D:15 true
     0 | D:1      | 0 ||| qw: Do second Lair branch before Depths: true
     0 | D:1      | 0 ||| qw: Lair rune preference: random
     0 | D:1      | 0 ||| qw: Plans: Normal
     0 | D:1      | 0 ||| PLANNING D:1-11
     5 | D:1      | 5 ||| Stepping ~*~*~tactically~*~*~ (stealth).
    10 | D:1      | 10 ||| Stepping ~*~*~tactically~*~*~ (stealth).
   209 | D:1      | Reached XP level 2. HP: 14/17 MP: 6/6
   212 | D:1      | Reached skill level 3 in Axes
   215 | D:1      | 215 ||| Stepping ~*~*~tactically~*~*~ (stealth).
   295 | D:1      | 295 ||| DROPPING +0 club.
   391 | D:1      | 391 ||| UPGRADING to ring of see invisible.
   392 | D:1      | 392 ||| READING scroll labelled DIF PUNACEUR.
   393 | D:1      | 393 ||| READING scroll labelled TICAQY UFARPHO.
   574 | D:1      | Reached XP level 3. HP: 20/21 MP: 7/7
   911 | D:1      | Found a faded altar of an unknown god.
   939 | D:1      | Reached skill level 4 in Axes
  1052 | D:1      | 1052 ||| READING scroll labelled WIUFUMM FODGHE.
  1172 | D:1      | 1172 ||| READING scroll labelled IXALEGOUS REHEOR.
  1173 | D:1      | 1173 ||| READING scroll labelled GUEJE EMEOLL.
  1174 | D:1      | 1174 ||| READING scroll labelled SONOUM KIRHUDGH.
  1177 | D:1      | 1177 ||| DROPPING scroll of blinking.
  1738 | D:2      | Reached XP level 4. HP: 24/26 MP: 8/8
  1942 | D:2      | Noticed Sigmund
  1950 | D:2      | HP: 5/26 [Sigmund/puff of flame (6)]
  1951 | D:2      | 1951 ||| READING scroll of teleportation.
  1951 | D:2      | Slain by Sigmund

Levels and vault maps discovered:
D:1:      heliophobic_arrival_enchanted_forest, layout_basic,
          ebering_ecumenical_altar_webs, minivault_5, feat_on_display
D:2:      layout_basic, minmay_quantized, uniq_sigmund

Skill      XL: |  1  2  3 |
---------------+----------+-----
Axes           | 3 4 |  4.6
Fighting       | |  2.0
Throwing       | |  1.0
Armour         | |  1.1
Dodging        | |  2.1
Spellcasting   | |  2.0
Translocations | |  2.4

Action                   |  1- 3 |  4- 6 || total
-------------------------+-------+-------++-------
Melee: Hand axe          |    86 |    11 ||    97
       Kick              |    14 |     2 ||    16
       Peck              |    16 |     3 ||    19
       Punch             |     1 |       ||     1
Throw: Boomerang         |     7 |       ||     7
  Use: Scroll            |     6 |     1 ||     7
Armor: Leather armour    |    14 |       ||    14
Dodge: Dodged            |    41 |     3 ||    44

Table legend:
 A = Non-vault XP
 B = Vault XP
 C = Vault XP percentage of total XP
 D = Non-vault monster count
 E = Vault monster count
 F = Vault count percentage of total count
                 A         B        C        D         E       F
            +---------+---------+-------+---------+---------+-------
      Total |      73 |      12 |  14.1 |      34 |       5 |  12.8
            +---------+---------+-------+---------+---------+-------
        D:1 |      58 |       0 |   0.0 |      25 |       0 |   0.0
        D:2 |      15 |      12 |  44.4 |       9 |       5 |  35.7
            +---------+---------+-------+---------+---------+-------
